 Dungeon Crawl Stone Soup version 0.22-b1-26-g9dbaab1112 (webtiles) character file.

518 Freyura the Skirmisher (level 7, -8/44 HPs)
             Began as a Gargoyle Fighter on Aug 9, 2018.
             Mangled by an ogre
             ... wielding a +0 giant spiked club
              (20 damage)
             ... on level 5 of the Dungeon.
             The game lasted 00:12:41 (3889 turns).

Freyura the Skirmisher (Gargoyle Fighter)           Turns: 3889, Time: 00:12:41

Health: -8/44      AC: 14    Str: 19    XL:     7   Next: 21%
Magic:  7/7        EV:  6    Int:  9    God:
Gold:   236        SH:  9    Dex: 11    Spells: 6/6 levels left

rFire    . . .     SeeInvis .   t - +0 morningstar
rCold    . . .     Gourm    .   c - +0 shield
rNeg     + . .     Faith    .   s - +0 chain mail
rPois    ∞         Spirit   .   (no helmet)
rElec    +         Reflect  .   (no cloak)
rCorr    .         Harm     .   (no gloves)
MR       .....                  (no boots)
Stlth    ..........             (no amulet)
HPRegen  0.14/turn              (no ring)
MPRegen  0.10/turn              (no ring)

@: no status effects
A: negative energy resistance 1, electricity resistance, unbreathing,
petrification resistance, rot immunity, AC +4
a: no special abilities


You were on level 5 of the Dungeon.
You were not hungry.

You visited 1 branch of the dungeon, and saw 5 of its levels.

You collected 236 gold pieces.

Inventory:

Hand Weapons
 a - a +0 flail
 t - a +0 morningstar (weapon)
Armour
 c - a +0 shield (worn)
 s - a +0 chain mail (worn)
Wands
 k - a wand of paralysis (15)
Scrolls
 b - a scroll of immolation {unknown}
 e - a scroll of enchant weapon {unknown}
 g - 3 scrolls of teleportation {unknown}
 i - 3 scrolls of magic mapping {unknown}
 j - 2 scrolls of amnesia {unknown}
 l - 5 scrolls of identify {unknown}
 o - a scroll of blinking {unknown}
 q - a scroll of fear {unknown}
Potions
 d - a potion of might
 h - 2 potions of curing
 m - 2 potions of mutation {unknown}
 n - a potion of haste {unknown}
 p - a potion of flight {unknown}
 r - a potion of lignification {unknown}
Comestibles
 f - 8 rations


   Skills:
 + Level 4.9 Fighting
 + Level 3.8 Maces & Flails
 + Level 4.8 Armour
 + Level 2.4 Dodging
 + Level 4.8 Shields


You had 6 spell levels left.
You didn't know any spells.
Your spell library contained the following spells:

 Spells                   Type           Power        Failure   Level  Hunger
 Stone Arrow              Conj/Erth      #.....       100%        3    ####...
 Spider Form              Tmut/Pois      #.........   100%        3    ####...
 Blade Hands              Tmut           #.........   100%        5    ######.
 Ice Form                 Ice/Tmut       #.......     100%        4    #####..
 Passwall                 Tmut/Erth      #.......     100%        2    ###....
 Sticks to Snakes         Tmut           #.......     100%        2    ###....
 Lee's Rapid Deconstruct  Erth           #.........   100%        5    ######.
 Sandblast                Erth           #.....       100%        1    ##.....
 Petrify                  Tmut/Erth      #.......     100%        4    #####..
 Beastly Appendage        Tmut           #.....       100%        1    ##.....


Dungeon Overview and Level Annotations

Branches:
Dungeon (5/15)
 Temple: D:4-7

Altars:


Innate Abilities, Weirdness & Mutations

You are resistant to torment.
Your stone body is resilient. (AC +4)
You are immune to poison.
You resist negative energy. (rN+)
You are resistant to electric shocks. (rElec)
You can survive without breathing.
You are immune to petrification.
You are immune to rotting.


Message History

l - 5 scrolls labeled SYUGANUMPA (gained 1)
You see here a runed mace.
An ogre comes into view. It is wielding a giant spiked club.
The ogre shouts!
A hound skeleton comes into view.
You hit the ogre but do no damage. You block the ogre's attack.
You sock the ogre!
The ogre is moderately wounded.
The ogre hits you with a giant spiked club!
You puncture the ogre!
The ogre is severely wounded.
The ogre hits you with a giant spiked club.
You barely miss the ogre.
The ogre is severely wounded.
The ogre hits you with a giant spiked club!!
* * * LOW HITPOINT WARNING * * *
You barely miss the ogre.
The ogre is severely wounded.
The ogre hits you with a giant spiked club!!
You die...

.# #.# .#######.# .# ##
.........# . . # ########## .#. #
# ... # # #.# # # #Z# # #.#O# # #
#.#@# ### # # #...# ##.###### #
############..########........
####.............................
....†....######..#########.######
####†###.# #..# ##.######
####.###.######..##### #..).....
.........>......<....####..######
...........................#


You could see an ogre and a hound skeleton.

Vanquished Creatures
  An ice beast (D:5)
  An ogre (D:4)
  2 hounds
  An orc wizard (D:3)
  2 orc priests
  A hound skeleton (D:5)
  5 adders
  4 worms
  11 dart slugs
  6 leopard geckos
  13 orcs
  A giant cockroach (D:4)
  11 goblins
  3 hobgoblins
  10 jackals
  5 kobolds
  2 quokkas
  11 bats
  7 frilled lizards
  5 rats
102 creatures vanquished.

Notes
Turn   | Place    | Note
-------+----------+-------------------------------------------
     0 | D:1      | Freyura the Gargoyle Fighter began the quest for the Orb.
     0 | D:1      | Reached XP level 1. HP: 14/14 MP: 1/1
   200 | D:1      | Reached XP level 2. HP: 15/19 MP: 2/2
   703 | D:1      | Reached XP level 3. HP: 23/23 MP: 3/3
  1073 | D:2      | Reached skill level 1 in Dodging
  1081 | D:2      | Reached XP level 4. HP: 25/29 MP: 4/4
  1909 | D:3      | Reached XP level 5. HP: 33/33 MP: 5/5
  2445 | D:4      | Noticed an ogre
  2452 | D:4      | Killed an ogre
  2452 | D:4      | Reached XP level 6. HP: 6/39 MP: 6/6
  2868 | D:4      | HP: 1/39 [orc priest/divine providence (12)]
  2877 | D:4      | HP: 1/39 [giant cockroach (2)]
  2883 | D:4      | HP: 1/39 [giant cockroach (1)]
  3417 | D:5      | Entered Level 5 of the Dungeon
  3697 | D:5      | Noticed an ice beast
  3717 | D:5      | Killed an ice beast
  3717 | D:5      | Reached XP level 7. HP: 37/44 MP: 7/7
  3889 | D:5      | Mangled by an ogre

Skill      XL: |  1  2  3  4  5 |
---------------+----------------+-----
Dodging        | 1 2 |  2.4
Fighting       | 4 |  4.9
Armour         | 4 |  4.8
Shields        | 4 |  4.8
Maces & Flails | 3 |  3.8

Action                   |  1- 3 |  4- 6 |  7- 9 || total
-------------------------+-------+-------+-------++-------
Melee: Flail             |   155 |   287 |       ||   442
       Morningstar       |       |    13 |    14 ||    27
  Use: Potion            |       |     1 |       ||     1
  Eat: Ration            |     1 |     2 |       ||     3
       Chunk             |       |     2 |       ||     2
Armor: Scale mail        |   124 |   158 |       ||   282
       Chain mail        |       |    49 |     2 ||    51
Dodge: Dodged            |    78 |   122 |     1 ||   201
Block: Shield            |    85 |   181 |    13 ||   279
